 Dungeon Crawl Stone Soup version 0.24.0-125-gc4c63601f3 (webtiles) character file.

Game seed: 6644544998361510894, levelgen mode: deterministic

56 Gynju the Magician (level 3, -2/19 HPs)
             Began as a Deep Elf Wizard on Mar 13, 2020.
             Slain by an orc
             ... wielding a +0 hand axe
              (5 damage)
             ... on level 3 of the Dungeon.
             The game lasted 00:01:42 (2892 turns).

Gynju the Magician (Deep Elf Wizard)                Turns: 2892, Time: 00:01:43

Health: -2/19      AC:  2    Str:  5    XL:     3   Next: 71%
Magic:  4/13       EV: 13    Int: 22    God:
Gold:   194        SH:  0    Dex: 13    Spells: 14/15 levels left

rFire    . . .     SeeInvis .   g - +2 short sword (elec)
rCold    . . .     Gourm    .   (no shield)
rNeg     . . .     Faith    .   a - +0 robe
rPois    .         Spirit   .   b - +0 hat
rElec    .         Reflect  .   (no cloak)
rCorr    .         Harm     .   (no gloves)
MR       .....                  (no boots)
Stlth    ++........             (no amulet)
HPRegen  0.06/turn              (no ring)
MPRegen  0.13/turn              (no ring)

@: no status effects
A: no striking features
a: no special abilities


You were on level 3 of the Dungeon.
You were near starving.

You visited 1 branch of the dungeon, and saw 3 of its levels.

You collected 194 gold pieces.

Inventory:

Hand Weapons
 g - a +2 short sword of electrocution (weapon)
 m - a +2 dagger of holy wrath
Armour
 a - a +0 robe (worn)
 b - a +0 hat (worn)
Scrolls
 c - a scroll of enchant weapon {unknown}
 f - 2 scrolls of remove curse {unknown}
 h - a scroll of amnesia {unknown}
 i - 2 scrolls of teleportation {unknown}
 j - 2 scrolls of identify {unknown}
 k - a scroll of fog {unknown}
 p - a scroll of magic mapping {unknown}
Potions
 e - 3 potions of curing {unknown}
 l - a potion of berserk rage {unknown}
 n - 3 potions of brilliance {unknown}
 o - 2 potions of lignification {unknown}
Comestibles
 d - 4 rations


   Skills:
 - Level 2.4 Dodging
 - Level 2.4 Stealth
 + Level 6.5 Spellcasting
 - Level 1.1 Conjurations
   Level 1.1 Summonings
   Level 1.1 Translocations


You had 14 spell levels left.
You knew the following spells:

 Your Spells              Type           Power        Failure   Level  Hunger
a - Magic Dart            Conj           ##..         5%          1    None

Your spell library contained the following spells:

 Spells                   Type           Power        Failure   Level  Hunger
 Blink                    Tloc           N/A          9%          2    None
 Call Imp                 Summ           ##......     9%          2    None
 Slow                     Hex            #.......     13%         2    None
 Conjure Flame            Conj/Fire      #.......     21%         3    #......
 Mephitic Cloud           Conj/Pois/Air  #.......     22%         3    #......


Dungeon Overview and Level Annotations

Branches:
Dungeon (3/15)

Altars:
Cheibriados
Kikubaaqudgha


Message History

The orc is heavily wounded.
The orc hits you with a +0 hand axe!
* * * LOW HITPOINT WARNING * * *
Casting: Magic Dart (safe; 5% risk of failure)
Confirm with . or Enter, or press ? or * to list all spells.
Aiming: Magic Dart (safe; 5% risk of failure)
Press: ? - help, Shift-Dir - straight line, f/p - orc
Aim: an orc, wielding a +0 hand axe and wearing a cursed +0 chain mail (heavily wounded)
The magic dart hits the orc but does no damage.
The orc is heavily wounded.
The orc barely misses you.
Casting: Magic Dart (safe; 5% risk of failure)
Confirm with . or Enter, or press ? or * to list all spells.
Aiming: Magic Dart (safe; 5% risk of failure)
Press: ? - help, Shift-Dir - straight line, f/p - orc
Aim: an orc, wielding a +0 hand axe and wearing a cursed +0 chain mail (heavily wounded)
The magic dart hits the orc but does no damage.
The orc is heavily wounded.
The orc hits you with a +0 hand axe.
You die... # #..#### #..oo@# #?#####

You could see 2 orcs.

Vanquished Creatures
  A worm (D:2)
  6 dart slugs
  A leopard gecko (D:3)
  2 orcs
  3 bats (D:1)
  3 giant cockroaches
  3 goblins (D:1)
  6 hobgoblins (D:1)
  A quokka (D:2)
  3 frilled lizards
  4 kobolds
  6 rats
39 creatures vanquished.

Notes
Turn   | Place    | Note
-------+----------+-------------------------------------------
     0 | D:1      | Gynju the Deep Elf Wizard began the quest for the Orb.
     0 | D:1      | Reached XP level 1. HP: 10/10 MP: 7/7
   114 | D:1      | Reached skill level 5 in Spellcasting
   262 | D:1      | Reached XP level 2. HP: 15/15 MP: 7/10
  1203 | D:1      | Reached XP level 3. HP: 19/19 MP: 9/12
  1378 | D:1      | Reached skill level 6 in Spellcasting
  1692 | D:2      | Found a snail-covered altar of Cheibriados.
  2135 | D:2      | Found an ancient bone altar of Kikubaaqudgha.
  2892 | D:3      | Slain by an orc

Levels and vault maps discovered:
D:1:      dpeg_arrival_simpleton_a, layout_basic, minmay_tripent
D:2:      layout_basic, overflow_temple_1_default, lemuel_crystal_altar
D:3:      layout_basic, overflow_temple_1_default, first_ration,
          okawaru_altar_gauntlet_db

Skill      XL: |  1  2  3 |
---------------+----------+-----
Spellcasting   | 5 6 |  6.5
Dodging        | |  2.4
Stealth        | |  2.4
Conjurations   | |  1.1
Summonings     | |  1.1
Translocations | |  1.1

Action                   || total
-------------------------++-------
 Cast: Magic Dart        ||   125
  Eat: Chunk             ||     4
Armor: Robe              ||     5
Dodge: Dodged            ||    27
